 Dungeon Crawl Stone Soup version 0.32-a0-986-ga09f62fbf4 (webtiles) character file.

Game seed: 2026800820515295262

154 protoss039 the Digger (level 5, 35/35 HPs)
             Began as a Demonspawn Earth Elementalist on Apr 21, 2024.
             Got out of the dungeon alive.
             The game lasted 00:03:06 (2067 turns).

protoss039 the Digger (DsEE)                        Turns: 2067, Time: 00:03:07

Health: 35/35      AC:  2    Str:  8    XL:     5   Next: 13%
Magic:  9/9        EV: 12    Int: 18    God:
Gold:   67         SH:  0    Dex: 19    Spells: 8/9 levels left

rFire   . . .        r - +0 dagger (speed)
rCold   . . .        (no shield)
rNeg    . . .        a - +0 robe
rPois   .            (no helmet)
rElec   .            (no cloak)
rCorr   .            (no gloves)
SInv    +            (no boots)
Will    .....        (no amulet)
Stlth   +++          n - ring of see invisible
HPRegen 0.25/turn    p - +6 ring of dexterity
MPRegen 0.11/turn

%: no passive effects
@: wreathed by umbra
A: sanguine armour 1, foul shadow 1
a: no special abilities


You escaped.
You visited 1 branch of the dungeon, and saw 3 of its levels.

You collected 67 gold pieces.

Inventory:

Hand Weapons
 r - a +0 dagger of speed (weapon)
Armour
 a - a +0 robe (worn)
Jewellery
 c - a +5 ring of evasion
 j - a ring of flight
 n - a ring of see invisible (left hand)
 p - a +6 ring of dexterity (right hand)
Scrolls
 f - 5 scrolls of identify {unknown}
 h - a scroll of blinking {unknown}
 k - a scroll of amnesia {unknown}
 l - 2 scrolls of teleportation {unknown}
 m - 3 scrolls of vulnerability {unknown}
 o - a scroll of butterflies {unknown}
 q - a scroll of immolation {unknown}
Potions
 b - a potion of heal wounds
 d - a potion of haste {unknown}
 g - a potion of invisibility {unknown}
 i - a potion of attraction {unknown}


   Skills:
 + Level 2.6 Dodging
 + Level 2.8 Stealth
 + Level 2.8 Spellcasting
 + Level 2.3 Conjurations
 + Level 3.3 Earth Magic


You had 8 spell levels left.
You knew the following spells:

 Your Spells              Type           Power      Damage    Failure   Level
a - Sandblast             Erth           28%        2d8       4%          1

Your spell library contained the following spells:

 Spells                   Type           Power      Damage    Failure   Level
 Passwall                 Erth           14%        N/A       13%         3
 Stone Arrow              Conj/Erth      24%        3d8       16%         3
 Frozen Ramparts          Ice            4%         1d1       45%         3
 Ozocubu's Armour         Ice            2%         N/A       45%         3
 Brom's Barrelling Bould  Conj/Erth      12%        2d4       45%         4
 Petrify                  Alch/Erth      8%         N/A       63%         4
 Cause Fear               Hex            1%         N/A       86%         4
 Fireball                 Conj/Fire      3%         3d4       96%         5
 Metabolic Englaciation   Hex/Ice        1%         N/A       99%         5
 Dragon's Call            Summ           1%         N/A       100%        9


Dungeon Overview and Level Annotations

Branches:
Dungeon (3/15) Zot: 15899

Altars:


Innate Abilities, Weirdness & Mutations

When seriously injured, your blood forms armour. (AC +0)
You are faintly shadowed, very rarely releasing foul flame when damaged in melee.


Message History

A kobold is nearby!
A kobold is nearby!
A kobold is nearby!
A kobold is nearby!
A kobold is nearby!
The kobold shouts!
The kobold closely misses you.
A kobold is nearby!
You miss the kobold.
A kobold is nearby!
A kobold is nearby!
You hit the kobold but do no damage.
A kobold is nearby!
You closely miss the kobold.
The kobold hits you with a +0 short sword.
A kobold is nearby!
You closely miss the kobold. The kobold hits you but does no damage.
You hit the kobold but do no damage.
Unknown command.
Casting: Sandblast (safe; 4% risk of failure)
Confirm with . or Enter, or press ? or * to list all spells.
Aiming: Sandblast (safe; 4% risk of failure)
Press: ? - help, Shift-Dir - straight line, f - kobold
Aim: a kobold, wielding a +0 short sword (umbra, 77% to hit)
The blast of sand hits the kobold!
You kill the kobold!
Unknown command.
Unknown command.
You see here a +0 short sword.
HP restored.
You see here a dart slug corpse.
There is a stone staircase leading up here.
You climb upwards.
There is a stone staircase leading down here.
Magic restored.
There is a stone staircase leading up here.
You climb upwards.
There is a stone staircase leading down here.
There is a staircase leading out of the dungeon here.
You have escaped!

# #...# #.....# # ###.# #.....# #
#.# #.....###### ###### # #.###
##.........# #....# # #...#
##.#.....#.######....# # #.#.#
#..#.....#......#....# #
###.###..#.....#..###.#....# #
#####......#.....#.## #......## #
#..........#..@..#.# ###....#. #
#.###......#.....#.# #....#.
###.##...รท...#.....#.# #....#.
.##.##.......#.....#.# #....#.
....##..#.#..#.....#.# #....#.
.##.....#.#..........#######.....
..#.........##########..........#
..#......##.# ######..........#
..###....##.#####...............#


There were no monsters in sight!

Vanquished Creatures
  Terence (D:3)
  4 gnolls (D:2)
  3 adders
  3 ribbon worms
  4 dart slugs
  4 orcs (D:3)
  2 ball pythons (D:1)
  A giant cockroach (D:2)
  6 hobgoblins
  3 jackals (D:2)
  3 kobolds
  2 quokkas (D:2)
  2 bats (D:2)
  2 frilled lizards (D:1)
  3 goblins
  4 rats
47 creatures vanquished.

Notes
Turn   | Place    | Note
-------+----------+-------------------------------------------
     0 | D:1      | protoss039 the Demonspawn Earth Elementalist began the
                  | quest for the Orb.
     0 | D:1      | Reached XP level 1. HP: 13/13 MP: 3/3
   287 | D:1      | Gained mutation: When seriously injured, your blood forms
                  | armour. (AC +0) [demonic ancestry]
   287 | D:1      | Reached XP level 2. HP: 18/19 MP: 1/5
   742 | D:2      | Gained mutation: You are faintly shadowed, very rarely
                  | releasing foul flame when damaged in melee. [demonic
                  | ancestry]
   742 | D:2      | Reached XP level 3. HP: 4/24 MP: 3/6
   748 | D:2      | Reached skill level 3 in Earth Magic
   915 | D:2      | Reached XP level 4. HP: 19/30 MP: 3/7
  1643 | D:3      | Noticed Terence
  1663 | D:3      | Killed Terence
  1833 | D:3      | Reached XP level 5. HP: 28/35 MP: 9/9
  2067 | D:$      | Got out of the dungeon alive.

Illustrated notes

Levels and vault maps discovered:
D:1:      minmay_arrival_semitransparent, layout_basic
D:2:      layout_basic
D:3:      layout_loops_cross, uniq_terence, uniq_grinder

Skill      XL: |  1  2  3  4 |
---------------+-------------+-----
Stealth        | 2 |  2.8
Dodging        | 2 |  2.6
Earth Magic    | 3 |  3.3
Conjurations   | 2 |  2.3
Spellcasting   | |  2.8

Action                     |  1- 3 |  4- 6 || total
---------------------------+-------+-------++-------
  Melee: Spear             |    16 |    25 ||    41
         Dagger            |       |    12 ||    12
   Cast: Sandblast         |    32 |    41 ||    73
    Use: Potion            |     1 |     1 ||     2
   Stab: Sleeping          |     1 |       ||     1
 Armour: Robe              |    17 |    25 ||    42
  Dodge: Dodged            |    25 |    38 ||    63

Table legend: (Time is in decaauts)
 A = Elapsed time spent in this place.
 B = Non-inter-level travel time spent in this place.
 C = Inter-level travel time spent in this place.
 D = Time resting spent in this place.
 E = Time spent auto-exploring this place.
 F = Levels seen in this place.
 G = Mean time per level.
                   A        B        C        D        E       F      G
               +--------+--------+--------+--------+--------+-----+--------+
         Total |   2100 |   1994 |    106 |     54 |   1583 |   3 |  700.0 |
       Dungeon |   2100 |   1994 |    106 |     54 |   1583 |   3 |  700.0 |
               +--------+--------+--------+--------+--------+-----+--------+

Top non-repeatable levels by time:
     D:2: 974 daAuts
     D:1: 701 daAuts
     D:3: 424 daAuts
